Panthers vs Canadiens

Created - March 9, 2024 at 01:19

Goals
1 2 3 T
Panthers 2 0 1 3
Canadiens 2 2 0 4
Shots
1 2 3 T
Panthers 11 5 4 20
Canadiens 11 9 13 33

GoalsPenalties
1st period
1. Canadiens , Anthony Mantha 8 (Mattias Ekholm 30, Lars Eller 18) at 4:17
2. Canadiens , Mattias Ekholm 10 (Filip Forsberg 28, Valeri Nichushkin 36) at 7:42 (PP)
3. Panthers , Jack Hughes 19 (Brady Tkachuk 15) at 9:36
4. Panthers , Jeff Carter 9 (Reilly Smith 23, Owen Power 38) at 18:14
Pierre-Olivier Joseph (MTL) for Holding (Minor) at 1:53
Charlie McAvoy (FLA) for Hooking (Minor) at 7:12
2nd period
5. Canadiens , Leon Draisaitl 32 (Valeri Nichushkin 37, Ryan Suter 24) at 3:40
6. Canadiens , Jaccob Slavin 5 (Teuvo Teravainen 23, Ryan O'Reilly 36) at 12:32
No Penalty
3rd period
7. Panthers , Andrei Svechnikov 16 (Owen Power 39, Aleksander Barkov 40) at 0:14
Matthew Tkachuk (FLA) for Interference (Minor) at 1:02
Oliver Ekman-Larsson (FLA) for Tripping (Minor) at 13:11
Brady Tkachuk (FLA) for Slashing (Double Minor) at 17:36
Goalie Stats
Craig Anderson (FLA), 14 saves from 14 shots - (1.000), 27:28 minutes
Alexandar Georgiev (FLA), 15 saves from 19 shots - (0.789), L, 41-14-4, 32:32 minutes
Kaapo Kahkonen (MTL), 17 saves from 20 shots - (0.850), W, 24-8-8, 60:00 minutes
3 StarsOfficial
1 - Mattias Ekholm (MTL)
2 - Leon Draisaitl (MTL)
3 - Andrei Svechnikov (FLA)
Referees : Brad Meier and Garrett Rank
Linesman : Andrew Smith and Kyle Allen
Game Note
Craig Anderson enters game at 12:32 of 2nd period
Finance
Level 1 -- Attendance: 6500 (100.00%) -- Ticket Income $780,000
Level 2 -- Attendance: 4391 (87.82%) -- Ticket Income $373,235
Level 3 -- Attendance: 2919 (83.40%) -- Ticket Income $189,735
Level 4 -- Attendance: 2937 (55.55%) -- Ticket Income $58,740
Luxury Box -- Attendance: 922 (92.20%) -- Ticket Income $202,840
Game was played at the Bell Centre.
Total Attendance: 17669 (83.00%)
Total Ticket Income: $1,604,550
Other Income: $401,138
Total Income: $2,005,688



Team Name Goals Shots Shots Attemp Shots Blocked PIM HIT PP PK FO%
Panthers 32041910160 / 1 (0%)142%
Canadiens 4336652171 / 5 (20%)058%

Panthers
Player Name POS G A P +/- PIM HIT SHT SB MP PP MP PP SHT PK MP PK SHT FO% FOT
Aleksander BarkovC0110001022:421:0801:46054% 28
Andrei SvechnikovRW1010022120:561:0800:00067% 3
Brady TkachukLW0110433017:070:5100:000100% 1
Charlie McAvoyD0001221024:591:0814:0600% 0
Frederick GaudreauC000-100009:490:0005:0500% 3
Jack HughesC1010002017:080:5100:0000% 1
Jake SandersonD0001022222:060:0002:2500% 0
Jamie BennLW0001012010:210:0000:0000% 0
Jeff CarterC1011001010:210:0000:00021% 14
Matthew TkachukLW0000212020:551:0800:0000% 0
Mikael BacklundC000-101019:490:0005:05038% 13
Mike MathesonD000-2000012:340:5100:0000% 0
Oliver Ekman-LarssonD000-2220012:020:0000:2000% 0
Owen PowerD0221000022:570:5102:2500% 0
Quinn HughesD0001002525:201:0804:2600% 0
Reilly SmithRW0111001012:070:0001:4600% 0
Robby FabbriC000-102004:440:0000:0000% 0
Roope HintzC0000001017:080:5100:00044% 18
Canadiens
Player Name POS G A P +/- PIM HIT SHT SB MP PP MP PP SHT PK MP PK SHT FO% FOT
Andrew CoglianoC000000107:360:0000:0000% 1
Anthony ManthaRW1010001012:530:0000:000100% 1
Artturi LehkonenLW0000022019:283:0920:4700% 1
Brendan GallagherRW000001107:360:0000:0000% 0
Brendan GaunceC000000107:360:0000:00088% 8
Daniel SprongRW0000002012:530:0000:0000% 0
Filip ForsbergLW0110042018:513:4200:0000% 1
Ivan ProvorovD0000010119:533:3901:0400% 0
Jaccob SlavinD101-1003024:213:3901:0400% 0
Lars EllerC0110020013:400:0000:47064% 14
Leon DraisaitlC1010015018:513:4210:00055% 22
Mattias EkholmD112-1024123:453:1230:5500% 0
Pierre-Olivier JosephD0000220111:390:0000:0000% 0
Ryan O'ReillyC0110004019:533:0911:12055% 31
Ryan SuterD0111001023:593:1210:5500% 0
Teuvo TeravainenLW0110024018:413:0910:00050% 2
Trevor van RiemsdykD0001000216:220:0000:0000% 0
Valeri NichushkinRW0220002020:033:4201:1200% 0



Play-by-Play

1st period


0:01 of 1st period - Leon Draisaitl wins face-off versus Aleksander Barkov in neutral zone.
0:18 of 1st period - Shot by Matthew Tkachuk.
0:18 of 1st period - Stopped by Kaapo Kahkonen without a rebound.
0:19 of 1st period - Teuvo Teravainen wins face-off versus Roope Hintz in Canadiens zone.
1:21 of 1st period - Shot by Reilly Smith.
1:21 of 1st period - Stopped by Kaapo Kahkonen without a rebound.
1:22 of 1st period - Andrei Svechnikov wins face-off versus Lars Eller in Canadiens zone.
1:22 of 1st period - Andrei Svechnikov is hit by Pierre-Olivier Joseph.
1:50 of 1st period - Shot by Aleksander Barkov.
1:50 of 1st period - Stopped by Kaapo Kahkonen with a rebound.
1:52 of 1st period - Shot by Quinn Hughes.
1:52 of 1st period - Stopped by Kaapo Kahkonen with a rebound.
1:53 of 1st period - Minor Penalty to Pierre-Olivier Joseph for Holding.
1:54 of 1st period - Roope Hintz wins face-off versus Ryan O'Reilly in Canadiens zone.
2:57 of 1st period - Shot by Charlie McAvoy.
2:57 of 1st period - Stopped by Kaapo Kahkonen without a rebound.
2:58 of 1st period - Ryan O'Reilly wins face-off versus Aleksander Barkov in Canadiens zone.
2:58 of 1st period - Ryan O'Reilly is hit by Andrei Svechnikov.
3:07 of 1st period - Icing by Charlie McAvoy.
3:08 of 1st period - Ryan O'Reilly wins face-off versus Aleksander Barkov in Panthers zone.
4:07 of 1st period - Shot by Brendan Gaunce.
4:07 of 1st period - Deflect By Brendan Gallagher.
4:07 of 1st period - Stopped by Alexandar Georgiev without a rebound.
4:08 of 1st period - Lars Eller wins face-off versus Mikael Backlund in Panthers zone.
4:17 of 1st period - Shot by Anthony Mantha.
4:17 of 1st period - Goal by Anthony Mantha - Panthers : 0 - Canadiens : 1.
4:18 of 1st period - Brendan Gaunce wins face-off versus Roope Hintz in neutral zone.
4:29 of 1st period - Shot by Roope Hintz.
4:29 of 1st period - Shot Blocked by Mattias Ekholm.
4:45 of 1st period - Roope Hintz is hit by Brendan Gallagher and loses puck.
6:11 of 1st period - Off-side.
6:12 of 1st period - Lars Eller wins face-off versus Mikael Backlund in neutral zone.
6:47 of 1st period - Shot by Daniel Sprong.
6:47 of 1st period - Stopped by Alexandar Georgiev without a rebound.
6:48 of 1st period - Leon Draisaitl wins face-off versus Jeff Carter in Panthers zone.
6:51 of 1st period - Shot by Leon Draisaitl.
6:51 of 1st period - Stopped by Alexandar Georgiev without a rebound.
6:52 of 1st period - Aleksander Barkov wins face-off versus Leon Draisaitl in Panthers zone.
7:12 of 1st period - Minor Penalty to Charlie McAvoy for Hooking.
7:13 of 1st period - Ryan O'Reilly wins face-off versus Mikael Backlund in Panthers zone.
7:14 of 1st period - Shot by Teuvo Teravainen.
7:14 of 1st period - Stopped by Alexandar Georgiev with a rebound.
7:16 of 1st period - Shot by Ryan O'Reilly.
7:16 of 1st period - Shot Misses the Net.
7:18 of 1st period - Shot by Jaccob Slavin.
7:18 of 1st period - Shot Misses the Net.
7:20 of 1st period - Shot by Ivan Provorov.
7:20 of 1st period - Shot Misses the Net.
7:22 of 1st period - Shot by Ryan O'Reilly.
7:22 of 1st period - Deflect By Artturi Lehkonen.
7:22 of 1st period - Stopped by Alexandar Georgiev without a rebound.
7:23 of 1st period - Leon Draisaitl wins face-off versus Frederick Gaudreau in Panthers zone.
7:38 of 1st period - Shot by Filip Forsberg.
7:38 of 1st period - Shot Blocked by Quinn Hughes.
7:40 of 1st period - Shot by Mattias Ekholm.
7:40 of 1st period - Shot Misses the Net.
7:42 of 1st period - Shot by Mattias Ekholm.
7:42 of 1st period - Goal by Mattias Ekholm - Panthers : 0 - Canadiens : 2.
7:43 of 1st period - Aleksander Barkov wins face-off versus Ryan O'Reilly in neutral zone.
7:53 of 1st period - Icing by Teuvo Teravainen.
7:54 of 1st period - Jeff Carter wins face-off versus Ryan O'Reilly in Canadiens zone.
8:19 of 1st period - Shot by Ryan O'Reilly.
8:19 of 1st period - Shot Hit the Post.
8:23 of 1st period - Shot by Teuvo Teravainen.
8:23 of 1st period - Stopped by Alexandar Georgiev without a rebound.
8:24 of 1st period - Aleksander Barkov wins face-off versus Leon Draisaitl in Panthers zone.
8:28 of 1st period - Andrei Svechnikov is hit by Filip Forsberg and loses puck.
9:36 of 1st period - Shot by Jack Hughes.
9:36 of 1st period - Goal by Jack Hughes - Panthers : 1 - Canadiens : 2.
9:37 of 1st period - Ryan O'Reilly wins face-off versus Jeff Carter in neutral zone.
10:09 of 1st period - Shot by Ryan O'Reilly.
10:09 of 1st period - Stopped by Alexandar Georgiev without a rebound.
10:10 of 1st period - Lars Eller wins face-off versus Roope Hintz in Panthers zone.
10:29 of 1st period - Shot by Jack Hughes.
10:29 of 1st period - Shot Misses the Net.
10:31 of 1st period - Shot by Brady Tkachuk.
10:31 of 1st period - Stopped by Kaapo Kahkonen without a rebound.
10:32 of 1st period - Aleksander Barkov wins face-off versus Brendan Gaunce in Canadiens zone.
11:05 of 1st period - Icing by Aleksander Barkov.
11:06 of 1st period - Aleksander Barkov wins face-off versus Lars Eller in Panthers zone.
11:49 of 1st period - Shot by Roope Hintz.
11:49 of 1st period - Shot Misses the Net.
12:28 of 1st period - Icing by Jack Hughes.
12:29 of 1st period - Brady Tkachuk wins face-off versus Teuvo Teravainen in Panthers zone.
12:44 of 1st period - Shot by Ryan O'Reilly.
12:44 of 1st period - Shot Misses the Net.
13:09 of 1st period - Teuvo Teravainen is hit by Oliver Ekman-Larsson and loses puck.
13:20 of 1st period - Shot by Jamie Benn.
13:20 of 1st period - Stopped by Kaapo Kahkonen without a rebound.
13:21 of 1st period - Aleksander Barkov wins face-off versus Leon Draisaitl in Canadiens zone.
13:42 of 1st period - Shot by Filip Forsberg.
13:42 of 1st period - Stopped by Alexandar Georgiev without a rebound.
13:43 of 1st period - Brendan Gaunce wins face-off versus Jeff Carter in Panthers zone.
13:50 of 1st period - Shot by Brendan Gaunce.
13:50 of 1st period - Shot Misses the Net.
15:35 of 1st period - Leon Draisaitl is hit by Charlie McAvoy and loses puck.
16:10 of 1st period - Shot by Charlie McAvoy.
16:10 of 1st period - Shot Blocked by Ivan Provorov.
17:19 of 1st period - Ryan O'Reilly is hit by Robby Fabbri and loses puck.
17:41 of 1st period - Icing by Owen Power.
17:42 of 1st period - Lars Eller wins face-off versus Jeff Carter in Panthers zone.
17:48 of 1st period - Anthony Mantha is hit by Jake Sanderson.
18:14 of 1st period - Shot by Jeff Carter.
18:14 of 1st period - Goal by Jeff Carter - Panthers : 2 - Canadiens : 2.
18:15 of 1st period - Brendan Gaunce wins face-off versus Aleksander Barkov in neutral zone.
18:45 of 1st period - Shot by Andrew Cogliano.
18:45 of 1st period - Stopped by Alexandar Georgiev without a rebound.
18:46 of 1st period - Leon Draisaitl wins face-off versus Roope Hintz in Panthers zone.
19:22 of 1st period - Icing by Jake Sanderson.
19:23 of 1st period - Roope Hintz wins face-off versus Ryan O'Reilly in Panthers zone.
19:34 of 1st period - Shot by Roope Hintz.
19:34 of 1st period - Deflect By Brady Tkachuk.
19:34 of 1st period - Shot Misses the Net.
19:36 of 1st period - Shot by Jake Sanderson.
19:36 of 1st period - Stopped by Kaapo Kahkonen with a rebound.
19:38 of 1st period - Shot by Brady Tkachuk.
19:38 of 1st period - Stopped by Kaapo Kahkonen with a rebound.
Goals for this period are 2 for Panthers vs 2 for Canadiens.
Shots for this period are 11 for Panthers vs 11 for Canadiens.

2nd period


0:01 of 2nd period - Lars Eller wins face-off versus Aleksander Barkov in neutral zone.
1:03 of 2nd period - Off-side.
1:04 of 2nd period - Roope Hintz wins face-off versus Ryan O'Reilly in neutral zone.
2:22 of 2nd period - Shot by Filip Forsberg.
2:22 of 2nd period - Stopped by Alexandar Georgiev without a rebound.
2:23 of 2nd period - Mikael Backlund wins face-off versus Lars Eller in Panthers zone.
2:50 of 2nd period - Mattias Ekholm is hit by Robby Fabbri and loses puck.
3:38 of 2nd period - Shot by Valeri Nichushkin.
3:38 of 2nd period - Shot Misses the Net.
3:40 of 2nd period - Shot by Leon Draisaitl.
3:40 of 2nd period - Goal by Leon Draisaitl - Panthers : 2 - Canadiens : 3.
3:41 of 2nd period - Ryan O'Reilly wins face-off versus Jeff Carter in neutral zone.
4:48 of 2nd period - Filip Forsberg is hit by Andrei Svechnikov and loses puck.
5:09 of 2nd period - Shot by Aleksander Barkov.
5:09 of 2nd period - Shot Misses the Net.
5:11 of 2nd period - Shot by Mike Matheson.
5:11 of 2nd period - Shot Misses the Net.
5:49 of 2nd period - Shot by Jack Hughes.
5:49 of 2nd period - Shot Blocked by Trevor van Riemsdyk.
5:53 of 2nd period - Shot by Roope Hintz.
5:53 of 2nd period - Shot Blocked by Trevor van Riemsdyk.
5:55 of 2nd period - Shot by Quinn Hughes.
5:55 of 2nd period - Stopped by Kaapo Kahkonen without a rebound.
5:56 of 2nd period - Lars Eller wins face-off versus Frederick Gaudreau in Canadiens zone.
6:29 of 2nd period - Shot by Lars Eller.
6:29 of 2nd period - Shot Hit the Post.
6:35 of 2nd period - Jaccob Slavin is hit by Mikael Backlund and loses puck.
7:24 of 2nd period - Quinn Hughes is hit by Teuvo Teravainen and loses puck.
7:41 of 2nd period - Artturi Lehkonen is hit by Matthew Tkachuk.
7:42 of 2nd period - Icing by Artturi Lehkonen.
7:43 of 2nd period - Roope Hintz wins face-off versus Ryan O'Reilly in Canadiens zone.
7:54 of 2nd period - Shot by Roope Hintz.
7:54 of 2nd period - Shot Misses the Net.
8:35 of 2nd period - Jack Hughes is hit by Mattias Ekholm and loses puck.
8:46 of 2nd period - Shot by Valeri Nichushkin.
8:46 of 2nd period - Stopped by Alexandar Georgiev without a rebound.
8:47 of 2nd period - Anthony Mantha wins face-off versus Andrei Svechnikov in Panthers zone.
9:06 of 2nd period - Shot by Aleksander Barkov.
9:06 of 2nd period - Shot Misses the Net.
9:29 of 2nd period - Off-side.
9:30 of 2nd period - Leon Draisaitl wins face-off versus Jeff Carter in neutral zone.
9:52 of 2nd period - Shot by Valeri Nichushkin.
9:52 of 2nd period - Shot Misses the Net.
9:55 of 2nd period - Icing by Jake Sanderson.
9:56 of 2nd period - Jeff Carter wins face-off versus Ryan O'Reilly in Panthers zone.
10:03 of 2nd period - Shot by Jamie Benn.
10:03 of 2nd period - Stopped by Kaapo Kahkonen without a rebound.
10:04 of 2nd period - Aleksander Barkov wins face-off versus Ryan O'Reilly in Canadiens zone.
10:10 of 2nd period - Off-side.
10:11 of 2nd period - Aleksander Barkov wins face-off versus Leon Draisaitl in neutral zone.
10:11 of 2nd period - Charlie McAvoy is hit by Filip Forsberg and loses puck.
10:23 of 2nd period - Valeri Nichushkin is hit by Charlie McAvoy and loses puck.
10:26 of 2nd period - Shot by Valeri Nichushkin.
10:26 of 2nd period - Shot Misses the Net.
10:28 of 2nd period - Shot by Valeri Nichushkin.
10:28 of 2nd period - Shot Blocked by Quinn Hughes.
10:30 of 2nd period - Shot by Leon Draisaitl.
10:30 of 2nd period - Stopped by Alexandar Georgiev with a rebound.
10:32 of 2nd period - Shot by Filip Forsberg.
10:32 of 2nd period - Shot Misses the Net.
10:34 of 2nd period - Shot by Valeri Nichushkin.
10:34 of 2nd period - Deflect By Leon Draisaitl.
10:34 of 2nd period - Stopped by Alexandar Georgiev without a rebound.
10:35 of 2nd period - Roope Hintz wins face-off versus Ryan O'Reilly in Panthers zone.
10:59 of 2nd period - Off-side.
11:00 of 2nd period - Aleksander Barkov wins face-off versus Leon Draisaitl in neutral zone.
11:12 of 2nd period - Off-side.
11:13 of 2nd period - Lars Eller wins face-off versus Jeff Carter in neutral zone.
11:48 of 2nd period - Shot by Daniel Sprong.
11:48 of 2nd period - Stopped by Alexandar Georgiev without a rebound.
11:49 of 2nd period - Aleksander Barkov wins face-off versus Leon Draisaitl in Panthers zone.
11:49 of 2nd period - Aleksander Barkov is hit by Filip Forsberg.
12:28 of 2nd period - Shot by Valeri Nichushkin.
12:28 of 2nd period - Stopped by Alexandar Georgiev without a rebound.
12:29 of 2nd period - Ryan O'Reilly wins face-off versus Roope Hintz in Panthers zone.
12:30 of 2nd period - Shot by Teuvo Teravainen.
12:30 of 2nd period - Shot Misses the Net.
12:32 of 2nd period - Shot by Jaccob Slavin.
12:32 of 2nd period - Goal by Jaccob Slavin - Panthers : 2 - Canadiens : 4.
12:32 of 2nd period - Craig Anderson enters game.
12:33 of 2nd period - Roope Hintz wins face-off versus Andrew Cogliano in neutral zone.
12:43 of 2nd period - Off-side.
12:44 of 2nd period - Ryan O'Reilly wins face-off versus Jeff Carter in neutral zone.
12:57 of 2nd period - Shot by Ryan O'Reilly.
12:57 of 2nd period - Stopped by Craig Anderson without a rebound.
12:58 of 2nd period - Brendan Gaunce wins face-off versus Aleksander Barkov in Panthers zone.
12:59 of 2nd period - Shot by Mattias Ekholm.
12:59 of 2nd period - Shot Misses the Net.
13:12 of 2nd period - Icing by Quinn Hughes.
13:13 of 2nd period - Aleksander Barkov wins face-off versus Ryan O'Reilly in Panthers zone.
13:13 of 2nd period - Aleksander Barkov is hit by Teuvo Teravainen.
13:36 of 2nd period - Shot by Matthew Tkachuk.
13:36 of 2nd period - Shot Misses the Net.
13:38 of 2nd period - Shot by Charlie McAvoy.
13:38 of 2nd period - Deflect By Aleksander Barkov.
13:38 of 2nd period - Shot Misses the Net.
13:57 of 2nd period - Icing by Ryan Suter.
13:58 of 2nd period - Ryan O'Reilly wins face-off versus Roope Hintz in Canadiens zone.
15:51 of 2nd period - Charlie McAvoy is hit by Ivan Provorov.
16:12 of 2nd period - Icing by Ivan Provorov.
16:13 of 2nd period - Mikael Backlund wins face-off versus Leon Draisaitl in Canadiens zone.
16:56 of 2nd period - Shot by Frederick Gaudreau.
16:56 of 2nd period - Shot Misses the Net.
16:58 of 2nd period - Shot by Jake Sanderson.
16:58 of 2nd period - Stopped by Kaapo Kahkonen with a rebound.
17:42 of 2nd period - Shot by Brady Tkachuk.
17:42 of 2nd period - Stopped by Kaapo Kahkonen without a rebound.
17:43 of 2nd period - Lars Eller wins face-off versus Aleksander Barkov in Canadiens zone.
18:14 of 2nd period - Shot by Matthew Tkachuk.
18:14 of 2nd period - Stopped by Kaapo Kahkonen without a rebound.
18:15 of 2nd period - Leon Draisaitl wins face-off versus Jeff Carter in Canadiens zone.
18:15 of 2nd period - Leon Draisaitl is hit by Jamie Benn.
18:36 of 2nd period - Shot by Reilly Smith.
18:36 of 2nd period - Deflect By Jamie Benn.
18:36 of 2nd period - Shot Misses the Net.
18:52 of 2nd period - Shot by Jamie Benn.
18:52 of 2nd period - Deflect By Reilly Smith.
18:52 of 2nd period - Shot Misses the Net.
18:54 of 2nd period - Shot by Reilly Smith.
18:54 of 2nd period - Shot Misses the Net.
18:56 of 2nd period - Shot by Jeff Carter.
18:56 of 2nd period - Shot Misses the Net.
19:09 of 2nd period - Icing by Ivan Provorov.
19:10 of 2nd period - Aleksander Barkov wins face-off versus Leon Draisaitl in Canadiens zone.
19:50 of 2nd period - Icing by Charlie McAvoy.
19:51 of 2nd period - Aleksander Barkov wins face-off versus Ryan O'Reilly in Panthers zone.
Goals for this period are 0 for Panthers vs 2 for Canadiens.
Shots for this period are 5 for Panthers vs 9 for Canadiens.

3rd period


0:01 of 3rd period - Andrei Svechnikov wins face-off versus Ryan O'Reilly in neutral zone.
0:14 of 3rd period - Shot by Andrei Svechnikov.
0:14 of 3rd period - Goal by Andrei Svechnikov - Panthers : 3 - Canadiens : 4.
0:15 of 3rd period - Lars Eller wins face-off versus Roope Hintz in neutral zone.
0:39 of 3rd period - Quinn Hughes is hit by Lars Eller and loses puck.
0:43 of 3rd period - Icing by Quinn Hughes.
0:44 of 3rd period - Ryan O'Reilly wins face-off versus Jack Hughes in Panthers zone.
0:45 of 3rd period - Shot by Teuvo Teravainen.
0:45 of 3rd period - Stopped by Craig Anderson without a rebound.
0:46 of 3rd period - Ryan O'Reilly wins face-off versus Aleksander Barkov in Panthers zone.
1:02 of 3rd period - Minor Penalty to Matthew Tkachuk for Interference.
1:03 of 3rd period - Mikael Backlund wins face-off versus Leon Draisaitl in Panthers zone.
2:08 of 3rd period - Shot by Artturi Lehkonen.
2:08 of 3rd period - Shot Blocked by Quinn Hughes.
2:10 of 3rd period - Shot by Teuvo Teravainen.
2:10 of 3rd period - Deflect By Ryan O'Reilly.
2:10 of 3rd period - Stopped by Craig Anderson without a rebound.
2:11 of 3rd period - Ryan O'Reilly wins face-off versus Mikael Backlund in Panthers zone.
2:47 of 3rd period - Shot by Ryan Suter.
2:47 of 3rd period - Shot Blocked by Jake Sanderson.
2:49 of 3rd period - Shot by Ryan O'Reilly.
2:49 of 3rd period - Shot Misses the Net.
2:51 of 3rd period - Shot by Ryan O'Reilly.
2:51 of 3rd period - Deflect By Artturi Lehkonen.
2:51 of 3rd period - Stopped by Craig Anderson without a rebound.
2:52 of 3rd period - Leon Draisaitl wins face-off versus Aleksander Barkov in Panthers zone.
3:07 of 3rd period - Shot by Jack Hughes.
3:07 of 3rd period - Shot Misses the Net.
3:29 of 3rd period - Shot by Brady Tkachuk.
3:29 of 3rd period - Deflect By Roope Hintz.
3:29 of 3rd period - Stopped by Kaapo Kahkonen with a rebound.
3:43 of 3rd period - Jack Hughes is hit by Pierre-Olivier Joseph and loses puck.
4:07 of 3rd period - Icing by Quinn Hughes.
4:08 of 3rd period - Ryan O'Reilly wins face-off versus Aleksander Barkov in Panthers zone.
5:12 of 3rd period - Icing by Ryan Suter.
5:13 of 3rd period - Leon Draisaitl wins face-off versus Roope Hintz in Canadiens zone.
5:13 of 3rd period - Leon Draisaitl is hit by Brady Tkachuk.
5:19 of 3rd period - Brady Tkachuk is hit by Leon Draisaitl and loses puck.
6:00 of 3rd period - Icing by Valeri Nichushkin.
6:01 of 3rd period - Leon Draisaitl wins face-off versus Jeff Carter in Canadiens zone.
6:45 of 3rd period - Shot by Reilly Smith.
6:45 of 3rd period - Shot Misses the Net.
6:54 of 3rd period - Off-side.
6:55 of 3rd period - Brendan Gaunce wins face-off versus Aleksander Barkov in neutral zone.
7:56 of 3rd period - Off-side.
7:57 of 3rd period - Ryan O'Reilly wins face-off versus Roope Hintz in neutral zone.
8:12 of 3rd period - Icing by Jake Sanderson.
8:13 of 3rd period - Roope Hintz wins face-off versus Lars Eller in Panthers zone.
8:13 of 3rd period - Roope Hintz is hit by Lars Eller.
8:45 of 3rd period - Shot by Jack Hughes.
8:45 of 3rd period - Stopped by Kaapo Kahkonen with a rebound.
9:31 of 3rd period - Shot by Ryan O'Reilly.
9:31 of 3rd period - Shot Blocked by Andrei Svechnikov.
9:33 of 3rd period - Shot by Teuvo Teravainen.
9:33 of 3rd period - Stopped by Craig Anderson with a rebound.
9:35 of 3rd period - Shot by Artturi Lehkonen.
9:35 of 3rd period - Shot Blocked by Quinn Hughes.
9:37 of 3rd period - Shot by Jaccob Slavin.
9:37 of 3rd period - Stopped by Craig Anderson without a rebound.
9:38 of 3rd period - Leon Draisaitl wins face-off versus Jeff Carter in Panthers zone.
10:45 of 3rd period - Shot by Matthew Tkachuk.
10:45 of 3rd period - Shot Blocked by Pierre-Olivier Joseph.
11:34 of 3rd period - Shot by Artturi Lehkonen.
11:34 of 3rd period - Deflect By Ryan O'Reilly.
11:34 of 3rd period - Shot Misses the Net.
11:45 of 3rd period - Icing by Quinn Hughes.
11:46 of 3rd period - Brendan Gaunce wins face-off versus Aleksander Barkov in Panthers zone.
11:53 of 3rd period - Shot by Brendan Gaunce.
11:53 of 3rd period - Stopped by Craig Anderson without a rebound.
11:54 of 3rd period - Ryan O'Reilly wins face-off versus Roope Hintz in Panthers zone.
11:54 of 3rd period - Jaccob Slavin is hit by Jake Sanderson and loses puck.
12:11 of 3rd period - Teuvo Teravainen is hit by Brady Tkachuk and loses puck.
12:20 of 3rd period - Roope Hintz is hit by Artturi Lehkonen and loses puck.
12:29 of 3rd period - Shot by Teuvo Teravainen.
12:29 of 3rd period - Shot Misses the Net.
12:35 of 3rd period - Shot by Ryan O'Reilly.
12:35 of 3rd period - Stopped by Craig Anderson with a rebound.
12:37 of 3rd period - Shot by Artturi Lehkonen.
12:37 of 3rd period - Deflect By Teuvo Teravainen.
12:37 of 3rd period - Shot Blocked by Jake Sanderson.
12:39 of 3rd period - Shot by Teuvo Teravainen.
12:39 of 3rd period - Deflect By Ryan O'Reilly.
12:39 of 3rd period - Shot Misses the Net.
12:49 of 3rd period - Lars Eller is hit by Brady Tkachuk and loses puck.
13:11 of 3rd period - Minor Penalty to Oliver Ekman-Larsson for Tripping.
13:12 of 3rd period - Leon Draisaitl wins face-off versus Mikael Backlund in Panthers zone.
13:23 of 3rd period - Quinn Hughes is hit by Filip Forsberg and loses puck.
13:56 of 3rd period - Icing by Mattias Ekholm.
13:57 of 3rd period - Ryan O'Reilly wins face-off versus Mikael Backlund in Canadiens zone.
14:10 of 3rd period - Shot by Mattias Ekholm.
14:10 of 3rd period - Stopped by Craig Anderson without a rebound.
14:11 of 3rd period - Ryan O'Reilly wins face-off versus Frederick Gaudreau in Panthers zone.
14:31 of 3rd period - Shot by Mattias Ekholm.
14:31 of 3rd period - Stopped by Craig Anderson without a rebound.
14:32 of 3rd period - Mikael Backlund wins face-off versus Leon Draisaitl in Panthers zone.
15:01 of 3rd period - Shot by Filip Forsberg.
15:01 of 3rd period - Shot Misses the Net.
15:03 of 3rd period - Shot by Leon Draisaitl.
15:03 of 3rd period - Deflect By Filip Forsberg.
15:03 of 3rd period - Shot Misses the Net.
15:05 of 3rd period - Shot by Ivan Provorov.
15:05 of 3rd period - Shot Misses the Net.
15:22 of 3rd period - Brendan Gallagher is hit by Oliver Ekman-Larsson and loses puck.
16:03 of 3rd period - Icing by Trevor van Riemsdyk.
16:04 of 3rd period - Brendan Gaunce wins face-off versus Aleksander Barkov in Canadiens zone.
16:18 of 3rd period - Off-side.
16:19 of 3rd period - Jeff Carter wins face-off versus Artturi Lehkonen in neutral zone.
16:19 of 3rd period - Jeff Carter is hit by Artturi Lehkonen.
16:22 of 3rd period - Quinn Hughes is hit by Mattias Ekholm.
16:35 of 3rd period - Shot by Mattias Ekholm.
16:35 of 3rd period - Stopped by Craig Anderson with a rebound.
16:37 of 3rd period - Shot by Jaccob Slavin.
16:37 of 3rd period - Stopped by Craig Anderson without a rebound.
16:38 of 3rd period - Aleksander Barkov wins face-off versus Lars Eller in Panthers zone.
16:55 of 3rd period - Shot by Mattias Ekholm.
16:55 of 3rd period - Shot Misses the Net.
17:21 of 3rd period - Shot by Andrei Svechnikov.
17:21 of 3rd period - Stopped by Kaapo Kahkonen without a rebound.
17:22 of 3rd period - Roope Hintz wins face-off versus Ryan O'Reilly in Canadiens zone.
17:36 of 3rd period - Double Minor Penalty to Brady Tkachuk for Slashing.
17:37 of 3rd period - Mikael Backlund wins face-off versus Filip Forsberg in Panthers zone.
17:43 of 3rd period - Icing by Valeri Nichushkin.
17:44 of 3rd period - Leon Draisaitl wins face-off versus Mikael Backlund in Canadiens zone.
17:53 of 3rd period - Shot by Leon Draisaitl.
17:53 of 3rd period - Shot Blocked by Quinn Hughes.
17:55 of 3rd period - Shot by Mattias Ekholm.
17:55 of 3rd period - Shot Blocked by Mikael Backlund.
17:57 of 3rd period - Shot by Leon Draisaitl.
17:57 of 3rd period - Stopped by Craig Anderson without a rebound.
17:58 of 3rd period - Ryan O'Reilly wins face-off versus Mikael Backlund in Panthers zone.
19:05 of 3rd period - Shot by Leon Draisaitl.
19:05 of 3rd period - Shot Misses the Net.
19:34 of 3rd period - Shot by Ryan Suter.
19:34 of 3rd period - Stopped by Craig Anderson without a rebound.
19:35 of 3rd period - Aleksander Barkov wins face-off versus Ryan O'Reilly in Panthers zone.
19:44 of 3rd period - Shot by Ivan Provorov.
19:44 of 3rd period - Shot Misses the Net.
Goals for this period are 1 for Panthers vs 0 for Canadiens.
Shots for this period are 4 for Panthers vs 13 for Canadiens.